 Dungeon Crawl Stone Soup version 0.26-a0-651-gb41185065b (webtiles) character file.

Game seed: 15366795298828870379

704 Irenicus the Cleaver (level 7, -4/61 HPs)
             Began as a Deep Dwarf Berserker on Oct 1, 2020.
             Was a Believer of Trog.
             Slain by an ogre
             ... wielding a +0 giant spiked club
              (12 damage)
             ... on level 6 of the Dungeon.
             The game lasted 00:08:39 (1184 turns).

Irenicus the Cleaver (Deep Dwarf Berserker)         Turns: 1184, Time: 00:08:39

Health: -4/61      AC:  2    Str: 21    XL:     7   Next: 39%
Magic:  7/7        EV: 12    Int:  7    God:    Trog [**....]
Gold:   185        SH:  0    Dex: 14    Spells: 6/6 levels left

rFire    . . .     SeeInvis .   a - +0 hand axe
rCold    . . .     Faith    .   (no shield)
rNeg     . . .     Spirit   .   b - +0 animal skin
rPois    .         Reflect  .   (no helmet)
rElec    .         Harm     .   (no cloak)
rCorr    .         Rampage  .   (no gloves)
MR       +....                  (no boots)
Stlth    +.........             e - amulet of the acrobat
HPRegen  0.00/turn              (no ring)
MPRegen  0.10/turn              (no ring)

@: berserk cooldown, non-regenerating, slowed, very slow
A: damage resistance, heal wounds, sense surroundings 1, no regeneration
a: Heal Wounds, Berserk, Trog's Hand, Renounce Religion


You were on level 6 of the Dungeon.
You worshipped Trog.
Trog was pleased with you.
You visited 1 branch of the dungeon, and saw 5 of its levels.

You collected 185 gold pieces.

Inventory:

Hand Weapons
 a - a +0 hand axe (weapon)
Missiles
 d - 6 poisoned darts
 k - 4 atropa-tipped darts (quivered)
Armour
 b - a +0 animal skin (worn)
Jewellery
 e - an amulet of the acrobat (around neck)
   (You found it on level 1 of the Dungeon)
 i - an uncursed amulet of reflection
   (You found it on level 6 of the Dungeon)
Scrolls
 c - a scroll of remove curse
 g - a scroll of random uselessness {unknown}


   Skills:
 - Level 2.6 Fighting
 + Level 9.5 Axes
 - Level 2.1 Armour
 - Level 2.1 Dodging


You had 6 spell levels left.
You didn't know any spells.
Your spell library was empty.

Dungeon Overview and Level Annotations

Branches:
Dungeon (4/15)             Temple (0/1) D:4

Altars:


Innate Abilities, Weirdness & Mutations

You are resistant to damage.
You can heal yourself by infusing magical energy.
You passively map a small area around you.
You do not regenerate.


Message History

The orc shouts!
You hit the hound skeleton. The hound skeleton closely misses you.
You closely miss the orc wizard. You completely miss the hound skeleton.
You hit the orc wizard.
The orc wizard is moderately wounded.
You hit the hound skeleton. The hound skeleton misses you.
You hit the orc wizard.
The orc wizard is severely wounded.
You slash the hound skeleton! The hound skeleton barely misses you.
You hit the orc wizard.
The orc wizard is almost dead.
You barely miss the hound skeleton. You slash the hound skeleton!
You destroy the hound skeleton!
Trog accepts your kill.
You slash the orc wizard!
You kill the orc wizard!
Trog accepts your kill.
Trog appreciates your killing of a magic user.
You slash the orc!
You kill the orc!
Trog accepts your kill.
You barely miss the orc. The orc hits you.
You completely miss the orc.
An ogre comes into view. It is wielding a +0 giant spiked club.
The ogre shouts!
You slash the orc!
You kill the orc!
Trog accepts your kill.
You slash the orc!
You kill the orc!
Trog accepts your kill. The orc hits you but does no damage.
Things that are here:
a +0 mace; an orc corpse You slash the orc!
You kill the orc!
Trog accepts your kill.
You hit the orc priest.
The orc priest is lightly wounded.
The orc priest hits you with a +0 short sword.
You closely miss the orc priest.
The orc priest is lightly wounded.
You are no longer berserk.
You are exhausted.
You feel yourself slow down.
You now have 19/61 hp.
You aren't carrying any items that you can evoke.
You aren't carrying any potions.
Press: ? - help, Dir - move target cursor
As you read the scroll labeled CAGADI DABE, it crumbles to dust.
It was a scroll of blinking.
The orc priest calls down the wrath of Beogh upon you.
Beogh smites you!
* * * LOW HITPOINT WARNING * * *
You take 5 damage, and have 14/61 hp.
You aren't carrying any potions.
As you read the scroll labeled NIELIA BAAXYF, it crumbles to dust.
It is a scroll of identify.
i - an uncursed amulet of reflection The orc priest barely misses you.
You slash the orc priest!
The orc priest is heavily wounded.
The orc priest begins to cast a cantrip, but forgets the words!
The orc priest hits you with a +0 short sword.
* * * LOW HITPOINT WARNING * * *
You take 3 damage, and have 11/61 hp.
You closely miss the orc priest.
The orc priest is heavily wounded.
The orc priest hits you with a +0 short sword.
* * * LOW HITPOINT WARNING * * *
You take 1 damage, and have 10/61 hp.
You barely miss the orc priest.
The orc priest is heavily wounded.
The orc priest closely misses you.
You slash the orc priest!
You kill the orc priest!
Trog accepts your kill.
You aren't carrying any potions.
As you read the scroll labeled DUSAIN DALUT, it crumbles to dust.
You feel blessed for a moment.
It was a scroll of remove curse.
The ogre barely misses you.
You aren't carrying any items that you can evoke.
Quiver which item? (- for none, * to show all) (? for menu, Esc to quit)
Quivering
k - 6 atropa-tipped darts for throwing.
Throwing (i - inventory)
k - 6 atropa-tipped darts (quivered)
Press: ? - help, Shift-Dir - straight line, f - ogre
Aim: an ogre, wielding a +0 giant spiked club (chance to blind on hit: 27%)
You throw an atropa-tipped dart. The atropa-tipped dart hits the ogre.
The ogre resists.
The ogre hits you with a +0 giant spiked club.
* * * LOW HITPOINT WARNING * * *
You take 2 damage, and have 8/61 hp.
Throwing (i - inventory)
k - 5 atropa-tipped darts (quivered)
Press: ? - help, Shift-Dir - straight line, f/p - ogre
Aim: an ogre, wielding a +0 giant spiked club (chance to blind on hit: 27%)
You throw an atropa-tipped dart.
The atropa-tipped dart barely misses the ogre.
The ogre hits you with a +0 giant spiked club!
You die...

*##.......# , *
#.#.....O# , ,
* #.#.....#o# *
*, ##....###.#
#...[...?# * *
*#..####.## *
,, * ** ...*
#.# * ,
#O####.### *
#.@......# *
#.....#####.#.#
#####. * *#.* ,
, *,.., * ** ,
,.. , ... , * *
, ,


You could see an ogre.

Vanquished Creatures
  Sigmund (D:2)
  3 ogres
  A hound (D:4)
  An orc wizard (D:6)
  2 orc priests
  3 worker ants (D:4)
  A hound skeleton (D:6)
  4 gnolls
  An adder (D:4)
  4 leopard geckos
  6 orcs
  2 giant cockroaches (D:2)
  5 goblins
  4 hobgoblins
  3 jackals (D:2)
  A quokka (D:4)
  3 bats
  A frilled lizard (D:1)
  4 rats (D:1)
50 creatures vanquished.

Vanquished Creatures (others)
  11 toadstools (D:2)
11 creatures vanquished.

Grand Total: 61 creatures vanquished

Notes
Turn   | Place    | Note
-------+----------+-------------------------------------------
     0 | D:1      | Irenicus the Deep Dwarf Berserker began the quest for the
                  | Orb.
     0 | D:1      | Reached XP level 1. HP: 20/20 MP: 1/1
   114 | D:1      | Reached skill level 4 in Axes
   114 | D:1      | Reached XP level 2. HP: 27/27 MP: 2/2
   600 | D:2      | Reached XP level 3. HP: 22/33 MP: 3/3
   660 | D:2      | Noticed Sigmund
   678 | D:2      | Killed Sigmund
   678 | D:2      | Reached skill level 6 in Axes
   678 | D:2      | Reached XP level 4. HP: 13/40 MP: 4/4
   678 | D:2      | Reached XP level 5. HP: 15/46 MP: 5/5
   796 | D:2      | You fall into a shaft and drop 2 floors!
   798 | D:4      | Reached ** piety under Trog
   802 | D:4      | Reached skill level 7 in Axes
   879 | D:4      | Reached XP level 6. HP: 28/55 MP: 6/6
   939 | D:4      | HP: 13/82 [ogre/+0 giant club (14)]
   940 | D:4      | Reached skill level 8 in Axes
   962 | D:4      | HP: 6/55 [hound (3)]
   967 | D:4      | HP: 10/55 [hound (2)]
   972 | D:4      | HP: 8/55 [hound (3)]
  1044 | D:4      | Found a staircase to the Ecumenical Temple.
  1106 | D:3      | Reached XP level 7. HP: 45/61 MP: 7/7
  1126 | D:3      | You fall into a shaft and drop 3 floors!
  1151 | D:6      | Reached skill level 9 in Axes
  1173 | D:6      | HP: 14/61 [orc priest/divine providence (5)]
  1178 | D:6      | HP: 11/61 [orc priest/+0 short sword (3)]
  1183 | D:6      | HP: 8/61 [ogre/+0 giant spiked club (2)]
  1184 | D:6      | Slain by an ogre

Illustrated notes

Levels and vault maps discovered:
D:1:      psy_arrival_spokes, layout_loops_cross, supply_closet_lemuel
D:2:      cheibrodos_fertilizer, layout_loops_ring,
          grunt_temple_overflow_diamond, uniq_sigmund
D:3:      layout_basic, nicolae_overflow_hidden_temple,
          ebering_ghost_rock_garden, lightli_sewer_entry_pipes, uniq_ijyb
D:4:      layout_rooms, minmay_temple_entry_glass, minmay_strange_pillars,
          nrook_mini_backslash
D:6:      layout_loops_cross, serial_shops, shop, kennysheep_generic_room_12

Skill      XL: |  1  2  3  4  5  6  7 |
---------------+----------------------+-----
Axes           | 4 6 7 8 9 |  9.5
Fighting       | |  2.6
Armour         | |  2.1
Dodging        | |  2.1

Action                   |  1- 3 |  4- 6 |  7- 9 || total
-------------------------+-------+-------+-------++-------
Melee: Hand axe          |    58 |    89 |    27 ||   174
Throw: Dart              |     2 |     7 |     2 ||    11
Invok: Berserk           |     2 |     5 |     1 ||     8
       Trog's Hand       |       |     4 |     1 ||     5
  Use: Potion            |       |     2 |       ||     2
       Scroll            |       |       |     3 ||     3
 Stab: Sleeping          |     1 |       |       ||     1
Armor: Animal skin       |     4 |     7 |     1 ||    12
Dodge: Dodged            |    31 |    69 |    19 ||   119

Table legend: (Time is in decaauts)
 A = Elapsed time spent in this place.
 B = Non-inter-level travel time spent in this place.
 C = Inter-level travel time spent in this place.
 D = Time resting spent in this place.
 E = Time spent auto-exploring this place.
 F = Levels seen in this place.
 G = Mean time per level.
                   A        B        C        D        E       F      G
               +--------+--------+--------+--------+--------+-----+--------+
         Total |   1245 |   1212 |     33 |      0 |      0 |   5 |  249.0 |
       Dungeon |   1245 |   1212 |     33 |      0 |      0 |   5 |  249.0 |
               +--------+--------+--------+--------+--------+-----+--------+

Top non-repeatable levels by time:
     D:1: 518 daAuts
     D:2: 299 daAuts
     D:4: 278 daAuts
     D:3: 88 daAuts
     D:6: 60 daAuts

Table legend:
 A = Kills in this place as a percentage of kills in entire the game.
 B = Kills by you in this place as a percentage of kills by you in the entire game.
 C = Kills by friends in this place as a percentage of kills by friends in the entire game.
 D = Other kills in this place as a percentage of other kills in the entire game.
 E = Experience gained in this place as a percentage of experience gained in the entire game.
 F = Experience gained in this place divided by the number of levels of this place that you have seen.
                   A       B       C       D       E      F
               +-------+-------+-------+-------+-------+----------------------
         Total | 100.0 | 100.0 |   N/A |   N/A | 100.0 | 201.2
       Dungeon | 100.0 | 100.0 |   N/A |   N/A | 100.0 | 201.2
               +-------+-------+-------+-------+-------+----------------------
